 Dungeon Crawl Stone Soup version 0.28.0-53-g5a82cb258f (webtiles) character file.

Game seed: 16996195335386077692

613 Peloso the Slasher (level 7, -3/62 HPs)
             Began as a Minotaur Fighter on July 12, 2022.
             Was a Follower of Okawaru.
             Slain by a sky beast (5 damage)
             ... on level 5 of the Dungeon.
             The game lasted 00:06:40 (4383 turns).

Peloso the Slasher (Minotaur Fighter)               Turns: 4383, Time: 00:06:40

Health: -3/62      AC: 11    Str: 20    XL:     7   Next: 20%
Magic:  6/6        EV:  7    Int:  5    God:    Okawaru [*.....]
Gold:   356        SH:  5    Dex: 12    Spells: 6/6 levels left

rFire   . . .      SeeInvis .   a - +0 long sword
rCold   . . .      Faith    .   c - +0 buckler
rNeg    . . .      Spirit   .   j - +0 chain mail
rPois   .          Reflect  .   (helmet restricted)
rElec   .          Harm     .   (no cloak)
rCorr   .          Rampage  .   k - +0 pair of gloves
Will    .....                   (no boots)
Stlth   ..........              (no amulet)
HPRegen 0.20/turn               (no ring)
MPRegen 0.10/turn               (no ring)

@: about to teleport
A: horns 2, retaliatory headbutt
a: Renounce Religion, Heroism


You were on level 5 of the Dungeon.
You worshipped Okawaru.
Okawaru was aware of your devotion.
You visited 2 branches of the dungeon, and saw 6 of its levels.

You collected 356 gold pieces.

Inventory:

Hand Weapons
 a - a +0 long sword (weapon)
Missiles
 s - a throwing net (quivered)
Armour
 b - a +0 scale mail
 c - a +0 buckler (worn)
 j - a +0 chain mail (worn)
 k - a +0 pair of gloves (worn)
Wands
 f - a wand of mindburst (8)
 i - a wand of charming (11)
 n - a wand of digging (5)
Scrolls
 g - 2 scrolls of enchant weapon {unknown}
 h - 2 scrolls of vulnerability {unknown}
 l - a scroll of fog {unknown}
 m - a scroll of blinking {unknown}
 o - 4 scrolls of teleportation
 r - a scroll of noise {unknown}
 t - a scroll of identify
Potions
 d - 3 potions of might
 e - 2 potions of mutation
 p - a potion of resistance {unknown}
 q - a potion of brilliance {unknown}


   Skills:
 + Level 5.7 Fighting
 + Level 6.7 Long Blades
 + Level 5.2 Armour
 + Level 1.4 Dodging
 + Level 0.1 Stealth
 + Level 4.5 Shields


You had 6 spell levels left.
You didn't know any spells.
Your spell library contained the following spells:

 Spells                   Type           Power      Damage    Failure   Level
 Foxfire                  Conj/Fire      0%         2x1d4     100%        1
 Searing Ray              Conj           0%         2d4       100%        2
 Anguish                  Hex/Necr       0%         N/A       100%        4
 Freezing Cloud           Conj/Ice/Air   0%         6-21      100%        5
 Irradiate                Conj/Tmut      0%         3d14      100%        5
 Iskenderun's Battlesphe  Conj           0%         2d6       100%        5
 Conjure Ball Lightning   Conj/Air       0%         3x3d6     100%        6
 Iron Shot                Conj/Erth      0%         9d1       100%        6
 Enfeeble                 Hex            0%         N/A       100%        7
 Tukima's Dance           Hex            Unusable   N/A       N/A         3
 Spellforged Servitor     Conj/Summ      Unusable   N/A       N/A         7

Dungeon Overview and Level Annotations

Branches:
Dungeon (5/15)             Temple (1/1) D:5

Altars:
Dithmenos
Fedhas
Makhleb
Okawaru
Qazlal
Sif Muna
Trog
Wu Jian


Innate Abilities, Weirdness & Mutations

You have a pair of horns on your head.
You reflexively headbutt those who attack you in melee.


Message History

A sky beast comes into view.
A sky beast is nearby!
The sky beast flickers out of sight!
Deactivating autopickup; reactivate with Ctrl-A.
Something hits you but does no damage.
You miss something. Something hits you but does no damage.
You closely miss something. You block something's attack. Something hits you.
Something shocks you.
You hit something. You block something's attack.
You closely miss something. Your headbutt misses something.
You block something's attack.
You hit something but do no damage. Your headbutt misses something.
Something hits you. Something shocks you.
You miss something. Something hits you. Something shocks you.
You miss something. Something hits you but does no damage.
You hit something. Your headbutt misses something.
Something hits you but does no damage.
You barely miss something. Something hits you. Something shocks you.
You hit something but do no damage. Something hits you but does no damage.
Something hits you. Something shocks you.
You miss something. Your headbutt misses something.
Something hits you but does no damage.
You slash something! Something hits you.
* * * LOW HITPOINT WARNING * * *
Something shocks you.
* * * LOW HITPOINT WARNING * * *
You barely miss something. Your headbutt misses something.
Something hits you but does no damage.
You hit something. You headbutt something.
Something hits you but does no damage.
You fail to use your ability.
Something hits you.
* * * LOW HITPOINT WARNING * * *
Something shocks you.
* * * LOW HITPOINT WARNING * * *
Okay, then.
As you read the scroll of teleportation, it crumbles to dust.
You feel strangely unstable. Something hits you.
* * * LOW HITPOINT WARNING * * *
Something shocks you.
You die...

........#######...≈≈≈≈≈≈≈≈≈≈≈≈≈..
.................≈≈≈≈≈≈≈≈≈≈≈≈≈≈≈.
.#####.......###.≈≈≈≈≈≈...≈≈≈≈≈≈.
.....+.......+...≈≈≈≈≈≈.>.≈≈≈≈≈≈.
.#####.......#...≈≈≈≈≈≈...≈≈≈≈≈≈.
## #.......#.#..≈≈≈≈≈≈≈≈≈≈≈≈≈..
#.......#)#....≈≈≈≈≈≈≈≈≈....
#.......#.#......≈≈≈≈≈......
#.....)...{@................ #
#.......####..###..##.####.. #
#.......# #.## ##.#..# #.# ##
#.......# #.# ##...## #.# .#
######### #.# #....# #.# .### #.#
#....# #.# ...# #.# #....# #.#
.#.# #######.# #....## ##.# .#.#
#.......####.....# #...


There were no monsters in sight!

Vanquished Creatures
  A black bear (D:5)
  2 necrophages
  A bullfrog zombie (D:5)
  A hound (D:5)
  A centaur skeleton (D:4)
  An orc priest (D:4)
  A gnoll shaman (D:5)
  An orc wizard (D:4)
  A howler monkey zombie (D:4)
  4 adders
  5 gnolls
  An ufetubus (D:5)
  An adder skeleton (D:4)
  3 dart slugs
  6 orcs
  An endoplasm (D:3)
  A giant cockroach (D:4)
  7 goblins
  6 hobgoblins
  4 jackals (D:1)
  2 quokkas
  4 ball pythons
  6 bats
  6 frilled lizards
  5 kobolds
  8 rats
80 creatures vanquished.

Vanquished Creatures (others)
  10 plants (D:5)
10 creatures vanquished.

Grand Total: 90 creatures vanquished

Notes
Turn   | Place    | Note
-------+----------+-------------------------------------------
     0 | D:1      | Peloso the Minotaur Fighter began the quest for the Orb.
     0 | D:1      | Reached XP level 1. HP: 19/19 MP: 0/0
   204 | D:1      | Reached XP level 2. HP: 26/27 MP: 1/1
   254 | D:1      | Found a faded altar of an unknown god.
   297 | D:1      | Got Sif Muna's Reference Book on the Frostbite and Combat
                  | Magic
   795 | D:1      | Reached skill level 3 in Long Blades
   795 | D:1      | Reached XP level 3. HP: 33/33 MP: 2/2
  2193 | D:3      | Found a stormy altar of Qazlal.
  2289 | D:3      | Reached XP level 4. HP: 39/40 MP: 3/3
  2424 | D:3      | Found a faded altar of an unknown god.
  2429 | D:3      | Found a shimmering blue altar of Sif Muna.
  2626 | D:4      | Reached skill level 1 in Dodging
  2632 | D:4      | Reached skill level 4 in Long Blades
  2689 | D:4      | Noticed a necrophage
  2699 | D:4      | Killed a necrophage
  2700 | D:4      | Reached XP level 5. HP: 47/47 MP: 4/4
  2749 | D:4      | Reached skill level 5 in Long Blades
  2968 | D:4      | HP: 2/47 [orc priest/+2 short sword of distortion (4)]
  2972 | D:4      | Reached skill level 5 in Fighting
  2972 | D:4      | Reached XP level 6. HP: 3/56 MP: 5/5
  3510 | D:5      | Entered Level 5 of the Dungeon
  3529 | D:5      | Found a staircase to the Ecumenical Temple.
  3573 | Temple   | Entered the Ecumenical Temple
  3584 | Temple   | Became a worshipper of Warmaster Okawaru
  3643 | D:5      | Reached skill level 6 in Long Blades
  3643 | D:5      | Reached skill level 5 in Armour
  3654 | D:5      | Reached XP level 7. HP: 26/61 MP: 6/6
  3892 | D:5      | Reached * piety under Okawaru
  3894 | D:5      | Found an ornate altar of the Wu Jian Council.
  4383 | D:5      | HP: 2/62 [something (2)]
  4383 | D:5      | Slain by a sky beast

Illustrated notes

Levels and vault maps discovered:
D:1:      sevenhm_arrival_forest_fort_large_4, layout_basic, serial_curves,
          eino_curves_02, eino_curves_02, ebering_ecumenical_altar_sacrificial
D:2:      layout_basic
D:3:      layout_rooms, nicolae_overflow_ecumenical_swirl,
          amcnicky_altar_gilded, nicolae_elevator_lobby_asterisk
D:4:      kennysheep_the_goblin_king, layout_basic
D:5:      layout_basic, nicolae_wu_jian_wuxing_cycle, temple_pool_b,
          nicolae_grassy_gnolls
Temple:   nicolae_temple_god_jail

Skill      XL: |  1  2  3  4  5  6 |
---------------+-------------------+-----
Fighting       | 4 5 |  5.7
Armour         | 4 5 |  5.2
Long Blades    | 3 4 5 6 |  6.7
Shields        | 4 |  4.5
Dodging        | 1 |  1.4
Stealth        | |  0.1

Action                   |  1- 3 |  4- 6 |  7- 9 || total
-------------------------+-------+-------+-------++-------
Melee: Long sword        |   102 |    90 |    37 ||   229
       Headbutt          |    10 |    14 |     3 ||    27
Evoke: Wand              |       |     1 |       ||     1
  Use: Scroll            |     5 |       |     1 ||     6
       Potion            |     3 |     2 |       ||     5
Armor: Scale mail        |    39 |       |       ||    39
       Chain mail        |    19 |    46 |    21 ||    86
Dodge: Dodged            |    56 |    28 |     9 ||    93
Block: Buckler           |    29 |    20 |     8 ||    57
